 Dungeon Crawl Stone Soup version 0.17.2-1-ge4368a0 (webtiles) character file.

327 Goblin1989 the Insei (level 6, 3/70 HPs)
             Began as a Demonspawn Monk on Oct 24, 2016.
             Quit the game on level 4 of the Dungeon.
             The game lasted 00:07:16 (2063 turns).

Goblin1989 the Insei (Demonspawn Monk)              Turns: 2063, Time: 00:07:17

Health: 3/70       AC: 23    Str: 13      XL:     6   Next: 24%
Magic:  6/6        EV:  2    Int:  7 (11) God:
Gold:   233        SH:  0    Dex: 21      Spells: 0 memorised, 5 levels left

rFire  . . .     SeeInvis .       - Unarmed
rCold  . . .     Clarity  .     (armour currently unavailable)
rNeg   + + +     SustAt   .     (no shield)
rPois  +         Gourm    .     (helmet currently unavailable)
rElec  .         Spirit   .     (cloak currently unavailable)
rCorr  .         Warding  .     (gloves currently unavailable)
rMut   .         NoTele   +     (boots currently unavailable)
MR     .....                    (no amulet)
Stlth  ++++......               (no ring)
                                (no ring)

@: agile, tree-form, very slightly contaminated, hasted, very quick, not
resistant to hostile enchantments, stealthy
A: (horns 0), (slimy green scales 0), demonic guardian 1
a: no special abilities


You were on level 4 of the Dungeon.
You were near starving.
You were a tree.
You visited 1 branch of the dungeon, and saw 4 of its levels.

You collected 233 gold pieces.

Inventory:

Armour
 f - a +0 scale mail (melded)
Jewellery
 p - an uncursed ring of wizardry {unknown}
 s - an uncursed ring of fire {unknown}
 w - an uncursed ring of protection from cold {unknown}
Wands
 L - a wand of lightning (0)
Scrolls
 a - a scroll of blinking {unknown}
 c - 2 scrolls of enchant weapon {unknown}
 g - 5 scrolls of identify {unknown}
 h - a scroll of enchant armour {unknown}
 k - a scroll of random uselessness {unknown}
 l - 2 scrolls of noise {unknown}
 q - a scroll of amnesia {unknown}
 v - a scroll of teleportation {unknown}
Potions
 d - a potion of lignification {!q}
 i - 2 potions of haste {!q, @q3}
 o - a potion of flight
Books
 m - a Grand Grimoire

   Spells                             Type                      Level
   a - Monstrous Menagerie            Summoning                    6
   b - Summon Greater Demon           Summoning                    7
   c - Malign Gateway                 Summoning/Translocation      7
   d - Summon Horrible Things         Summoning                    8
Comestibles
 b - 5 bread rations {@e1}
 n - 2 beef jerkies
 x - a meat ration {@e2}


   Skills:
 - Level 3.0 Fighting
 - Level 2.6 Dodging
 - Level 1.7 Stealth
 + Level 6.9 Unarmed Combat


You had 5 spell levels left.
You didn't know any spells.

Dungeon Overview and Level Annotations

Branches:
Dungeon (4/15)
 Temple: D:4-7

Altars:
Ashenzari
Makhleb
Nemelex Xobeh
Ru
Sif Muna
Xom
Zin


Innate Abilities, Weirdness & Mutations

((You have a pair of small horns on your head.))
((You are mostly covered in slimy green scales (AC +3).))
A weak demonic guardian rushes to your aid.


Message History

You closely miss Edmund.
Edmund is almost dead.
Your ufetubus disappears in a puff of smoke!
You hit Edmund.
Edmund is almost dead.
Edmund hits you but does no damage.
Unknown command.
You hit Edmund but do no damage.
Edmund is almost dead.
You smack Edmund!
You kill Edmund!
You have reached level 6!
Your experience leads to an increase in your attributes!
Your base attributes are Str 12, Int 11, Dex 16.
Increase (S)trength, (I)ntelligence, or (D)exterity?
You feel stronger.
Your demonic ancestry asserts itself...
A pair of horns grows on your head!
MP restored: 6 Unknown command.
Are you sure you want to abandon this character and quit the game? (Confirm with "yes".)

███ ███ █.. ..█
██.█████.█ █....█<█.█
...█5█.█.█ .
...█.█.█[███████████....
..............§)♣†......
.█.█.███████████████$...
██.█.█ . ..█)█
████†....... ....$....
██$......█ █.█████.█ █.█
█


There were no monsters in sight!

Vanquished Creatures
  Edmund (D:4)
  Blork the orc (D:4)
  A hound (D:4)
  An orc priest (D:3)
  3 adders
  A worm (D:2)
  A giant gecko (D:3)
  3 orcs (D:3)
  3 ball pythons (D:3)
  4 bats
  3 giant cockroaches
  8 goblins
  7 hobgoblins
  8 jackals
  9 kobolds
  9 rats
63 creatures vanquished.

Vanquished Creatures (collateral kills)
  A hound (D:4)
  An orc (D:3)
  A ball python (D:3)
  3 jackals (D:4)
6 creatures vanquished.

Grand Total: 69 creatures vanquished

Notes
Turn   | Place    | Note
--------------------------------------------------------------
     0 | D:1      | Goblin1989 the Demonspawn Monk began the quest for the Orb.
     0 | D:1      | Reached XP level 1. HP: 18/18 MP: 1/1
   196 | D:1      | Reached skill level 4 in Unarmed Combat
   325 | D:1      | Gained mutation: You are partially covered in slimy green scales (AC +2). [demonic ancestry]
   325 | D:1      | Reached XP level 2. HP: 22/24 MP: 2/2
   653 | D:2      | Found a shimmering altar of Xom.
   814 | D:2      | Gained mutation: You are mostly covered in slimy green scales (AC +3). [demonic ancestry]
   814 | D:2      | Reached XP level 3. HP: 25/29 MP: 3/3
  1059 | D:2      | Found a burning altar of Makhleb.
  1072 | D:2      | Found a deep blue altar of Sif Muna.
  1073 | D:2      | Found a sparkling altar of Nemelex Xobeh.
  1473 | D:3      | Found a shattered altar of Ashenzari.
  1528 | D:3      | Reached skill level 5 in Unarmed Combat
  1620 | D:3      | Gained mutation: A weak demonic guardian rushes to your aid. [demonic ancestry]
  1620 | D:3      | Reached XP level 4. HP: 31/35 MP: 4/4
  1700 | D:3      | Found a sacrificial altar of Ru.
  1771 | D:3      | Found a glowing silver altar of Zin.
  1970 | D:4      | Noticed Blork the orc
  1981 | D:4      | Noticed Edmund
  1987 | D:4      | Reached XP level 5. HP: 31/41 MP: 5/5
  2024 | D:4      | Killed Blork the orc
  2024 | D:4      | Reached skill level 6 in Unarmed Combat
  2031 | D:4      | HP: 2/41 [Edmund/flail of protection (5)]
  2046 | D:4      | HP: 3/61 [hound (2)]
  2047 | D:4      | HP: 1/61 [Edmund/flail of protection (2)]
  2054 | D:4      | HP: 2/61 [hound (2)]
  2062 | D:4      | Killed Edmund
  2062 | D:4      | Gained mutation: You have a pair of small horns on your head. [demonic ancestry]
  2062 | D:4      | Reached XP level 6. HP: 2/47 MP: 6/6
  2063 | D:4      | Quit the game

Action                   |  1- 3 |  4- 6 || total
-------------------------+-------+-------++-------
Melee: Unarmed           |   166 |    82 ||   248
Evoke: Wand              |       |     3 ||     3
  Use: Potion            |       |     8 ||     8
 Stab: Distracted        |       |     2 ||     2
  Eat: Chunk             |     2 |       ||     2

Vault maps used:
D:1:      lightli_arrival_statue_moat, hangedman_glass_teeth, hex_medium,
          fountainhead, st_stairs_13, moated_statue,
          roderic_chinese_pattern_swastika
D:2:      xom_teletrap_fun, minitemple, first_bread, minmay_misc_feat_pillars
D:3:      zin_treasury, cheibrodos_ashenzari_chains, nicolae_ru_path_of_blood
D:4:      uniq_crazy_yiuf_cottage, uniq_edmund, uniq_blork_the_orc
